 Dungeon Crawl Stone Soup version 0.30.0-29-ga12c61a403 (webtiles) character file.

Game seed: 6981083238016133171

1158 ChrisAssaf the Sneak (level 8, 0/39 HPs)
             Began as a Spriggan Enchanter on June 13, 2023.
             Was an Elder of Ignis.
             Slain by a bullfrog (7 damage)
             ... on level 6 of the Dungeon.
             The game lasted 00:16:12 (3865 turns).

ChrisAssaf the Sneak (Spriggan Enchanter)           Turns: 3865, Time: 00:16:13

Health: 0/39       AC:  2    Str:  6    XL:     8   Next: 16%
Magic:  5/16       EV: 18    Int: 16    God:    Ignis [****..]
Gold:   231        SH:  0    Dex: 16    Spells: 5/17 levels left

rFire   + . .        s - +1 dagger (venom)
rCold   . . .        (no shield)
rNeg    . . .        b - +0 robe
rPois   .            (helmet restricted)
rElec   .            (no cloak)
rCorr   .            (gloves unavailable)
SInv    +            (boots unavailable)
Will    +....        n - amulet of regeneration
Stlth   ++++         (no ring)
HPRegen 1.06/turn    (no ring)
MPRegen 0.15/turn

%: no passive effects
@: lethally poisoned (0 -> 0), very slightly contaminated, hasted, very quick
A: very small, no large weapons, unfitting armour, see invisible, speed 3
a: Renounce Religion, Fiery Armour, Foxfire Swarm, Rising Flame


You were on level 6 of the Dungeon.
You worshipped Ignis.
Ignis was greatly pleased with you.
You visited 1 branch of the dungeon, and saw 6 of its levels.

You collected 231 gold pieces.

Inventory:

Hand Weapons
 s - a +1 dagger of venom (weapon)
Armour
 b - a +0 robe (worn)
Jewellery
 n - an amulet of regeneration (around neck)
 t - a ring of flight
Wands
 m - a wand of mindburst (15)
Scrolls
 d - a scroll of teleportation
 e - a scroll of poison
 f - 2 scrolls of fear
 g - 2 scrolls of magic mapping
 h - 3 scrolls of vulnerability {unknown}
 i - a scroll of blinking
 r - a scroll of summoning {unknown}
Potions
 a - 2 potions of mutation {unknown}
 c - 2 potions of invisibility
 j - 3 potions of might {unknown}
 k - a potion of brilliance {unknown}
 l - a potion of haste
 o - 2 potions of degeneration {unknown}
 p - a potion of lignification {unknown}
 q - 2 potions of curing {unknown}


   Skills:
 * Level 2.0 Fighting
 * Level 3.5 Short Blades
 * Level 1.7 Armour
 * Level 4.2 Dodging
 * Level 7.7 Stealth
 * Level 5.3 Spellcasting
 * Level 5.5 Hexes
 * Level 1.9 Ice Magic
 * Level 2.1 Poison Magic
 * Level 2.1 Evocations


You had 5 spell levels left.
You knew the following spells:

 Your Spells              Type           Power      Damage    Failure   Level
a - Ensorcelled Hibernat  Hex/Ice        32%        N/A       4%          2
b - Tukima's Dance        Hex            22%        N/A       4%          3
c - Olgreb's Toxic Radia  Pois           11%        N/A       52%         4
d - Confusing Touch       Hex            22%        N/A       4%          3

Your spell library contained the following spells:

 Spells                   Type           Power      Damage    Failure   Level
 Sting                    Tmut/Pois      28%        1d4       10%         1
 Poisonous Vapours        Pois/Air       14%        N/A       14%         2
 Dazzling Flash           Conj/Hex       26%        N/A       14%         3


Dungeon Overview and Level Annotations

Branches:
Dungeon (6/15)
 Temple: D:4-7

Altars:
Ashenzari
Cheibriados
Makhleb
Ru
Sif Muna
Trog
Xom
Yredelemnul
Ignis


Innate Abilities, Weirdness & Mutations

You are very small and have problems with some larger weapons.
You are too small for most types of armour.
You have supernaturally acute eyesight. (SInv)
You cover ground extremely quickly. (Speed+++)


Message History

Casting: Ensorcelled Hibernation (safe; 4% risk of failure)
Confirm with . or Enter, or press ? or * to list all spells.
Aiming: Ensorcelled Hibernation (safe; 4% risk of failure)
Press: ? - help, Shift-Dir - straight line, f - bullfrog
Aim: a bullfrog (chance to affect: 50%)
The bullfrog resists with some effort.
The bullfrog closely misses you. The bullfrog misses you.
The howler monkey completely misses you.
The bullfrog hits you. x2
Casting: Ensorcelled Hibernation (safe; 4% risk of failure)
Confirm with . or Enter, or press ? or * to list all spells.
Aiming: Ensorcelled Hibernation (safe; 4% risk of failure)
Press: ? - help, Shift-Dir - straight line, f/p - bullfrog
Aim: a bullfrog (chance to affect: 50%)
The bullfrog resists with some effort.
The howler monkey misses you. The bullfrog closely misses you. x2
The white imp shouts, "Begone, thou gleeking hasty-witted pinchbeck-pixie!"
The howler monkey barely misses you.
Casting: Ensorcelled Hibernation (safe; 4% risk of failure)
Confirm with . or Enter, or press ? or * to list all spells.
Okay, then.
Casting: Ensorcelled Hibernation (safe; 4% risk of failure)
Confirm with . or Enter, or press ? or * to list all spells.
Okay, then.
Casting: Ensorcelled Hibernation (safe; 4% risk of failure)
Confirm with . or Enter, or press ? or * to list all spells.
The spell is extremely dangerous to miscast (52% risk of failure)!
Continue anyway?
You miscast Olgreb's Toxic Radiance.
You are very lightly contaminated with residual magic.
You feel odd!
You are poisoned.
* * * LOW HITPOINT WARNING * * *
You feel sick. The bullfrog closely misses you.
The bullfrog hits you but does no damage.
The bullfrog completely misses you.
The howler monkey completely misses you.
The bullfrog misses you.
It was a potion of haste.
You feel yourself speed up.
You feel sick. The bullfrog hits you!
You die...

.# .. .######.
........ .
........###### ...
..........#.F@#..F..
.#.##..###.!.h.F.5....
...#........####......
............# ......
#..........# .#### #
#.#........# ## ..
#.#........#
#.#.#........#
#..<.........#


You could see 2 bullfrogs, a howler monkey and a white imp.

Vanquished Creatures
  Pikel (D:5)
  Sigmund (D:2)
  A sky beast (D:4)
  An ogre (D:5)
  A scorpion (D:6)
  A jelly (D:5)
  2 iguanas
  A sleepcap (D:5)
  An orc wizard (D:5)
  3 adders
  2 worms
  5 dart slugs
  11 orcs
  7 endoplasms
  3 giant cockroaches
  4 goblins
  5 hobgoblins
  10 jackals
  A quokka (D:2)
  6 ball pythons
  9 bats
  5 frilled lizards
  6 kobolds
  7 rats
94 creatures vanquished.

Vanquished Creatures (collateral kills)
  An orc wizard (D:4)
  2 orcs (D:5)
  A goblin (D:2)
4 creatures vanquished.

Vanquished Creatures (others)
  3 dancing weapons
  31 foxfires
34 creatures vanquished.

Grand Total: 132 creatures vanquished

Notes
Turn   | Place    | Note
-------+----------+-------------------------------------------
     0 | D:1      | ChrisAssaf the Spriggan Enchanter began the quest for the
                  | Orb.
     0 | D:1      | Reached XP level 1. HP: 9/9 MP: 5/5
   184 | D:1      | Reached XP level 2. HP: 12/13 MP: 6/6
   215 | D:1      | Learned a level 2 spell: Ensorcelled Hibernation
   431 | D:2      | Reached XP level 3. HP: 16/16 MP: 0/8
   438 | D:2      | Learned a level 3 spell: Tukima's Dance
   516 | D:3      | Reached skill level 5 in Stealth
   892 | D:3      | Found a faded altar of an unknown god.
   894 | D:3      | Prayed at the altar of an unknown god.
   894 | D:3      | Became a worshipper of Ignis, the Dying Flame
   911 | D:3      | Reached XP level 4. HP: 21/21 MP: 4/9
   921 | D:3      | Learned a level 4 spell: Olgreb's Toxic Radiance
   968 | D:3      | Found a shimmering altar of Xom.
  1102 | D:2      | Noticed Sigmund
  1106 | D:2      | Killed Sigmund
  1107 | D:2      | Reached skill level 1 in Fighting
  1107 | D:2      | Reached skill level 6 in Stealth
  1107 | D:2      | Reached skill level 1 in Ice Magic
  1107 | D:2      | Reached XP level 5. HP: 25/25 MP: 2/11
  1131 | D:2      | Found a broken altar of Ashenzari.
  1938 | D:1      | Reached XP level 6. HP: 30/30 MP: 2/12
  2013 | D:1      | Learned a level 3 spell: Confusing Touch
  2538 | D:4      | Found a sacrificial altar of Ru.
  2852 | D:4      | Noticed a sky beast
  2859 | D:4      | Killed a sky beast
  2860 | D:4      | Reached skill level 1 in Armour
  2860 | D:4      | Reached skill level 1 in Poison Magic
  2896 | D:4      | Found a bloodstained altar of Trog.
  3106 | D:4      | Found a burning altar of Makhleb.
  3106 | D:4      | Found a faded altar of an unknown god.
  3114 | D:4      | Found a shimmering blue altar of Sif Muna.
  3122 | D:4      | Found a snail-covered altar of Cheibriados.
  3124 | D:4      | Found a basalt altar of Yredelemnul.
  3174 | D:5      | Entered Level 5 of the Dungeon
  3199 | D:5      | Reached skill level 7 in Stealth
  3205 | D:5      | Noticed Pikel
  3243 | D:5      | Reached XP level 7. HP: 33/33 MP: 3/14
  3410 | D:5      | Killed Pikel
  3411 | D:5      | Reached skill level 5 in Spellcasting
  3411 | D:5      | Reached skill level 5 in Hexes
  3411 | D:5      | Reached skill level 1 in Evocations
  3411 | D:5      | Reached XP level 8. HP: 21/39 MP: 5/16
  3865 | D:6      | Slain by a bullfrog

Illustrated notes

Levels and vault maps discovered:
D:1:      nagdon_arrival_double_spiral, layout_basic
D:2:      layout_rooms, basic_altar, small_statue_intersection, uniq_sigmund
D:3:      layout_basic, xom_teletrap_fun, chequers_ecumenical_altar_twisty,
          hangedman_decor_opposing
D:4:      layout_basic, nicolae_ru_sacrificial_ziggurat, lemuel_crystal_altar,
          chequers_temple_overflow_minitemple
D:5:      layout_rooms, uniq_pikel
D:6:      layout_rooms, gammafunk_ghost_nasty_kobolds, minmay_between,
          uniq_maggie

Skill      XL: |  1  2  3  4  5  6  7  8 |
---------------+-------------------------+-----
Hexes          | 4 5 |  5.5
Stealth        | 5 6 7 |  7.7
Spellcasting   | 3 4 5 |  5.3
Dodging        | 3 4 |  4.2
Fighting       | 1 2 |  2.0
Short Blades   | 2 3 |  3.5
Ice Magic      | 1 |  1.9
Armour         | 1 |  1.7
Poison Magic   | 1 2 |  2.1
Evocations     | 1 2 |  2.1

Action                     |  1- 3 |  4- 6 |  7- 9 || total
---------------------------+-------+-------+-------++-------
  Melee: Dagger            |    83 |    91 |    47 ||   221
         Punch             |     2 |     1 |     3 ||     6
   Cast: Ensorcelled Hiber |    19 |    36 |     5 ||    60
         Tukima's Dance    |     1 |     7 |     1 ||     9
 Invoke: Foxfire Swarm     |       |     1 |     1 ||     2
  Evoke: Wand              |       |       |     2 ||     2
    Use: Scroll            |       |     6 |     2 ||     8
         Potion            |       |       |     1 ||     1
   Stab: Sleeping          |    20 |    30 |     2 ||    52
 Armour: Robe              |    13 |    13 |     4 ||    30
  Dodge: Dodged            |    79 |   116 |    51 ||   246
